 Dungeon Sprint DCSS version 0.26-a0-665-gefeb406119 (webtiles) character file.

Game seed: 2469403710292112234

101 rocky1 the Arsonist (level 4, -2/36 HPs)
             Began as a Deep Elf Fire Elementalist on Oct 15, 2020.
             Was an Initiate of Sif Muna.
             Slain by a flying skull (10 damage)
             ... in the Dungeon (Sprint VII: "The Pits").
             The game lasted 00:03:55 (607 turns).

rocky1 the Arsonist (Deep Elf Fire Elementalist)     Turns: 607, Time: 00:03:55

Health: -2/36      AC:  2    Str:  5    XL:     4   Next: 48%
Magic:  10/10      EV: 13    Int: 21    God:    Sif Muna [......]
Gold:   0          SH:  0    Dex: 15    Spells: 8/9 levels left

rFire    . . .     SeeInvis .   m - +1 quarterstaff (speed)
rCold    . . .     Faith    .   (shield currently unavailable)
rNeg     . . .     Spirit   .   a - +0 robe
rPois    .         Reflect  .   (no helmet)
rElec    .         Harm     .   (no cloak)
rCorr    .         Rampage  .   (no gloves)
MR       .....     NoTele   +   (no boots)
Stlth    ..........             (no amulet)
HPRegen  0.12/turn              (no ring)
MPRegen  0.12/turn              (no ring)

@: berserking (expiring), very quick
A: no striking features
a: Renounce Religion


You were in the Dungeon.
You worshipped Sif Muna.
Sif Muna was noncommittal.
You visited 1 branch

Inventory:

Hand Weapons
 m - a +1 quarterstaff of speed (weapon)
Armour
 a - a +0 robe (worn)
Scrolls
 h - a scroll of blinking
 i - 3 scrolls of remove curse
 j - 5 scrolls of amnesia
 k - a scroll of summoning
Potions
 b - 2 potions of invisibility
 c - 5 potions of curing
 d - 6 potions of heal wounds
 e - a potion of haste
 f - 4 potions of magic
 g - 2 potions of berserk rage


   Skills:
 - Level 2.4 Dodging
 - Level 2.4 Stealth
 + Level 3.0 Spellcasting
 + Level 1.1 Conjurations
 + Level 10.3 Fire Magic
 + Level 0.0 Invocations


You had 8 spell levels left.
You knew the following spells:

 Your Spells              Type           Power        Failure   Level
a - Foxfire               Conj/Fire      ####         1%          1

Your spell library contained the following spells:

 Spells                   Type           Power        Failure   Level
 Conjure Flame            Conj/Fire      ####....     3%          3
 Inner Flame              Hex/Fire       ###.....     4%          3
 Sticky Flame             Conj/Fire      ####....     13%         4
 Fireball                 Conj/Fire      ####......   34%         5


Dungeon Overview and Level Annotations

Branches:
Dungeon (1/1)

Altars:
Ashenzari
Cheibriados
Dithmenos
Elyvilon
Fedhas
Gozag
Hepliaklqana
Kikubaaqudgha
Makhleb
Nemelex Xobeh
Okawaru
Qazlal
Ru
Sif Muna
Trog
Uskayaw
Vehumet
Wu Jian
Xom
Yredelemnul
Zin
The Shining One
Beogh
Jiyva
Lugonu


Message History

You hit the flying skull.
The flying skull is lightly damaged.
You miss the flying skull.
The flying skull is lightly damaged.
The flying skull hits you!
A wight comes into view. It is wielding a +1 dagger.
You hit the flying skull.
The flying skull is heavily damaged.
The flying skull hits you.
* * * LOW HITPOINT WARNING * * *
You barely miss the flying skull.
The flying skull is heavily damaged.
The flying skull closely misses you.
You closely miss the flying skull.
The flying skull is heavily damaged.
The flying skull barely misses you.
You sock the flying skull!
The flying skull is almost destroyed.
The flying skull hits you!
You die...

#_______...#######
##########'##.....
#.?(.')))'.##.....
##########.##.....
#.........).'.....
#'#####'#####.....
#.#.....#[[##.....
#.#.....#))#####'#
#@###)###))##.....
#z#.....#))##.....
#h#...).#..##.....
#s####'##'###...<.
#z#........##.....
#z#†.......##.....
#z###########.....
#z. ###### #...


You could see a wolf, a flying skull, a scorpion and 4 wights.

Vanquished Creatures
  A big kobold (D)
  A gnoll (D)
  An ooze (D)
  An adder skeleton (D)
  A leopard gecko (D)
  An orc (D)
  4 jackals (D)
  A quokka (D)
  A bat (D)
12 creatures vanquished.

Vanquished Creatures (others)
  35 foxfires (D)
35 creatures vanquished.

Grand Total: 47 creatures vanquished

Notes
Turn   | Place    | Note
-------+----------+-------------------------------------------
     0 | D        | rocky1 the Deep Elf Fire Elementalist began the quest for
                  | the Orb.
     0 | D        | Reached XP level 1. HP: 10/10 MP: 6/6
    13 | D        | Reached skill level 4 in Fire Magic
    47 | D        | Found a bloodstained altar of Trog.
    47 | D        | Found a shimmering blue altar of Sif Muna.
    47 | D        | Found a viscous altar of Jiyva.
    47 | D        | Found a hazy altar of Hepliaklqana.
    47 | D        | Found an opulent altar of Gozag.
    48 | D        | Found a glowing golden altar of the Shining One.
    48 | D        | Found a glowing silver altar of Zin.
    48 | D        | Found a basalt altar of Yredelemnul.
    48 | D        | Found a shimmering altar of Xom.
    48 | D        | Found an ornate altar of the Wu Jian Council.
    48 | D        | Found a sacrificial altar of Ru.
    48 | D        | Found a stormy altar of Qazlal.
    48 | D        | Found an iron altar of Okawaru.
    48 | D        | Found a sparkling altar of Nemelex Xobeh.
    48 | D        | Found a burning altar of Makhleb.
    48 | D        | Found a blossoming altar of Fedhas.
    48 | D        | Found a white marble altar of Elyvilon.
    48 | D        | Found a shadowy altar of Dithmenos.
    48 | D        | Found a snail-covered altar of Cheibriados.
    51 | D        | Found a corrupted altar of Lugonu.
    51 | D        | Found a radiant altar of Vehumet.
    51 | D        | Found a roughly hewn altar of Beogh.
    69 | D        | Reached skill level 5 in Fire Magic
    78 | D        | Reached XP level 2. HP: 12/15 MP: 1/8
   149 | D        | Reached skill level 6 in Fire Magic
   311 | D        | Noticed a big kobold
   316 | D        | Reached skill level 7 in Fire Magic
   335 | D        | Killed a big kobold
   335 | D        | Reached skill level 10 in Fire Magic
   335 | D        | Reached XP level 3. HP: 19/19 MP: 2/9
   335 | D        | Reached XP level 4. HP: 24/24 MP: 2/10
   554 | D        | Found a hide-covered altar of Uskayaw.
   554 | D        | Found an ancient bone altar of Kikubaaqudgha.
   554 | D        | Found a broken altar of Ashenzari.
   558 | D        | Became a worshipper of Sif Muna the Loreminder
   585 | D        | Noticed a flying skull
   585 | D        | Noticed a wolf
   607 | D        | Slain by a flying skull

Illustrated notes

Levels and vault maps discovered:
D:        pitsprint [storerooms_1, entrance_room_1, metal_vault_3, armoury_2,
          mini_pit_1, grid_room_1, main_hall_1, silver_pit, the_coven_1,
          the_vestibule_1, steel_vault_5, golden_pit, hallway_of_sentries,
          crystal_vault_2, iron_vault_1, final_vault]

Skill      XL: |  1  2 |
---------------+-------+-----
Fire Magic     | 5 10 | 10.3
Dodging        | |  2.4
Stealth        | |  2.4
Spellcasting   | |  3.0
Conjurations   | |  1.1

Action                   |  1- 3 |  4- 6 || total
-------------------------+-------+-------++-------
Melee: Quarterstaff      |    11 |    16 ||    27
 Cast: Foxfire           |    19 |     3 ||    22
  Use: Potion            |     1 |     1 ||     2
Armor: Robe              |     2 |     1 ||     3
Dodge: Dodged            |    14 |     7 ||    21

Table legend: (Time is in decaauts)
 A = Elapsed time spent in this place.
 B = Non-inter-level travel time spent in this place.
 C = Inter-level travel time spent in this place.
 D = Time resting spent in this place.
 E = Time spent auto-exploring this place.
 F = Levels seen in this place.
 G = Mean time per level.
                   A        B        C        D        E       F      G
               +--------+--------+--------+--------+--------+-----+--------+
         Total |    602 |    602 |      0 |    388 |      0 |   1 |  602.0 |
       Dungeon |    602 |    602 |      0 |    388 |      0 |   1 |  602.0 |
               +--------+--------+--------+--------+--------+-----+--------+

Top non-repeatable levels by time:
       D: 602 daAuts
